 Dungeon Crawl Stone Soup version 0.31-a0-237-g2d982f9f85 (webtiles) character file.

Game seed: 1681961062547579442

49 qw the Shooter (level 3, -6/21 HPs)
             Began as a Gargoyle Hexslinger on July 10, 2023.
             Killed from afar by Sigmund (8 damage)
             ... with a puff of flame
             ... on level 2 of the Dungeon.
             The game lasted 00:00:28 (1023 turns).

qw the Shooter (Gargoyle Hexslinger)                Turns: 1023, Time: 00:00:29

Health: -6/21      AC:  9    Str: 11    XL:     3   Next: 75%
Magic:  4/4        EV: 10    Int: 13    God:
Gold:   54         SH:  0    Dex: 14    Spells: 3/4 levels left

rFire   . . .        Y - +1 sling
rCold   . . .        (no shield)
rNeg    + . .        k - +0 ring mail
rPois   inf          (no helmet)
rElec   +            (no cloak)
rCorr   .            (no gloves)
SInv    .            e - +0 pair of boots
Will    .....        (no amulet) Stlth
                     (no ring)
HPRegen 0.23/turn    (no ring)
MPRegen 0.09/turn

%: no passive effects
@: confused
A: sickness immunity, AC +3, negative energy resistance 1, electricity
resistance, torment resistance 1, petrification resistance
a: no special abilities


You were on level 2 of the Dungeon.
You visited 1 branch of the dungeon, and saw 2 of its levels.

You collected 54 gold pieces.


Innate Abilities, Weirdness & Mutations

You are immune to sickness and miasma.
Your stone body is resilient. (AC +3)
You are immune to poison.
You resist negative energy. (rN+)
You are resistant to electric shocks. (rElec)
You are resistant to unholy torment.
You are immune to petrification.


   Skills:
 - Level 2.0 Fighting
 + Level 3.4 Ranged Weapons
 - Level 1.0 Armour
 - Level 1.5 Dodging
 - Level 1.0 Spellcasting
 - Level 2.6 Hexes


You had 3 spell levels left.
You knew the following spells:

 Your Spells              Type           Power      Damage    Failure   Level
a - Slow                  Hex            28%        N/A       22%         1

Your spell library contained the following spells:

 Spells                   Type           Power      Damage    Failure   Level
 Inner Flame              Hex/Fire       4%         N/A       75%         3
 Portal Projectile        Hex/Tloc       8%         N/A       75%         3
 Cause Fear               Hex            3%         N/A       91%         4

Inventory:

Hand Weapons
 Y - a +1 sling (weapon)
Armour
 e - a +0 pair of boots (worn)
 k - a +0 ring mail (worn)
Scrolls
 b - a scroll of identify {unknown}
 f - 2 scrolls of teleportation
Potions
 a - a potion of degeneration {unknown}
 c - 2 potions of brilliance {unknown}
 g - a potion of might {unknown}
 h - a potion of attraction {unknown}
 i - a potion of enlightenment {unknown}
 l - 2 potions of curing {unknown}

Dungeon Overview and Level Annotations

Branches:
Dungeon (2/15)

Altars:

Shops:
D:1 *

Annotations:
D:2 Sigmund


Message History

Sigmund hits you from afar with a +0 scythe.
You shoot a sling bullet. The sling bullet hits Sigmund.
Sigmund is heavily wounded.
Sigmund barely misses you.
You shoot a sling bullet.
The sling bullet closely misses Sigmund.
Sigmund hits you from afar with a +0 scythe.
You shoot a sling bullet. The sling bullet hits Sigmund.
Sigmund is severely wounded.
Sigmund casts a spell.
Sigmund flickers and vanishes!
Deactivating autopickup; reactivate with Ctrl-A.
You shoot a sling bullet. Something hits you but does no damage.
You shoot a sling bullet. Something hits you!
You shoot a sling bullet. Something hits you but does no damage.
You shoot a sling bullet.
You hear some strange, mumbled words.
A puff of flame appears from out of thin air!
The puff of flame hits you but does no damage.
You shoot a sling bullet. Something hits you but does no damage.
You shoot a sling bullet. Something hits you but does no damage.
You shoot a sling bullet. Something hits you.
You shoot a sling bullet.
You hear some strange, mumbled words.
You are confused.
You shoot a sling bullet. Something hits you.
You shoot a sling bullet. Something hits you.
You shoot a sling bullet.
You hear some strange, mumbled words.
A puff of flame appears from out of thin air!
The puff of flame hits you!
You die...

# +........ #.<..).........#
#
#...........##.#.#.....######
#
..#####.....#...#.#...#.....
######.#
#.......#####.#...#.####
....##..
........+.....#...#.#
........
#.......####..#.>..%# .......
#....{# #..##.#..# .......
#.....####........## .......
#....@##........)..## .......
#.....##...........># .......
###.....##.........####
....... ........##.........#
####### ........##.........#
######## ...................#
.......# ...................#
######.# ......%............#
# #.# ...................#


There were no monsters in sight!

Vanquished Creatures
  An adder (D:2)
  2 dart slugs (D:1)
  3 ball pythons (D:1)
  2 endoplasms (D:1)
  3 giant cockroaches
  3 goblins
  2 hobgoblins (D:1)
  2 jackals (D:2)
  2 quokkas (D:2)
  2 bats
  4 frilled lizards
  5 kobolds
  3 rats
34 creatures vanquished.

Notes
Turn   | Place    | Note
-------+----------+-------------------------------------------
     0 | D:1      | qw the Gargoyle Hexslinger began the quest for the Orb.
     0 | D:1      | Reached XP level 1. HP: 12/12 MP: 2/2
     0 | D:1      | 0 ||| qw: Version: 0.3-a-52-g30416fa
     0 | D:1      | 0 ||| qw: Game counter: 5062
     0 | D:1      | 0 ||| qw: Melee chars always use a shield: true
     0 | D:1      | 0 ||| qw: God list: Okawaru
     0 | D:1      | 0 ||| qw: Allow faded altars: false
     0 | D:1      | 0 ||| qw: Do Orc after clearing Dungeon:15 true
     0 | D:1      | 0 ||| qw: Do second Lair branch before Depths: true
     0 | D:1      | 0 ||| qw: Lair rune preference: random
     0 | D:1      | 0 ||| qw: Goals: Normal
     0 | D:1      | 0 ||| PLANNING D:1-11
    92 | D:1      | Reached XP level 2. HP: 16/16 MP: 3/3
   128 | D:1      | Reached skill level 3 in Ranged Weapons
   427 | D:1      | Reached XP level 3. HP: 21/21 MP: 4/4
   636 | D:1      | Found Efomof's General Store.
   644 | D:1      | 644 ||| SHOPLISTING potion of heal wounds (65 gold, have
                  | 33).
   644 | D:1      | 644 ||| SHOPLISTING potion of resistance (130 gold, have
                  | 33).
   644 | D:1      | 644 ||| SHOPLISTING scroll of enchant weapon (97 gold, have
                  | 33).
   733 | D:1      | 733 ||| UPGRADING to +0 pair of boots.
   738 | D:1      | 738 ||| UPGRADING to +0 ring mail.
   748 | D:1      | 748 ||| DROPPING +0 robe.
   749 | D:1      | 749 ||| READING scroll labelled TANOTU SER VOP.
   750 | D:1      | 750 ||| READING 3 scrolls labelled LIEXTE OTEWIK.
   754 | D:1      | 754 ||| READING scroll labelled HUNARO DEMAADGH.
   755 | D:1      | 755 ||| DROPPING scroll of poison.
   973 | D:2      | Reached skill level 1 in Armour
  1005 | D:2      | Noticed Sigmund
  1021 | D:2      | HP: 4/21 [something (3)]
  1023 | D:2      | Killed from afar by Sigmund

Levels and vault maps discovered:
D:1:      wheals_arrival_linesprint, layout_loops_ring, serial_shops,
          nicolae_shop_peninsula, minivault_23
D:2:      layout_basic, uniq_sigmund, uniq_jessica

Skill      XL: |  1  2  3 |
---------------+----------+-----
Ranged Weapons | 3 |  3.4
Fighting       | 2 |  2.0
Armour         | 1 |  1.0
Dodging        | |  1.5
Spellcasting   | |  1.0
Hexes          | |  2.6

Action                     || total
---------------------------++-------
   Fire: Sling             ||   112
    Use: Scroll            ||     3
 Armour: Robe              ||    12
         Ring mail         ||     9
  Dodge: Dodged            ||    22

Table legend:
 A = Non-vault XP
 B = Vault XP
 C = Vault XP percentage of total XP
 D = Non-vault monster count
 E = Vault monster count
 F = Vault count percentage of total count
                 A         B        C        D         E       F
            +---------+---------+-------+---------+---------+-------
      Total |      70 |       0 |   0.0 |      34 |       0 |   0.0
            +---------+---------+-------+---------+---------+-------
        D:1 |      40 |       0 |   0.0 |      22 |       0 |   0.0
        D:2 |      30 |       0 |   0.0 |      12 |       0 |   0.0
            +---------+---------+-------+---------+---------+-------
